Map: Acropolis LE

Players

IIIIIIIIIIII

  • Race: Terran Terran
  • League: Diamond
  • Spawn Location: 11:00

Mez - Winner!

  • Race: Terran Terran
  • League: Master
  • Spawn Location: 5:00

VOD

Have the link to the VOD?

Description

Time

  • Played on: Aug. 31, 2019, 5:18 a.m.
  • Length: 9:52
Show
View Real Time Build Order
Export as new Build Order

IIIIIIIIIIII Terran 

Build Orders: Reaper Expand 

Get SALT Encoding   

  12  0:01  SCV  
  13  0:13  SCV  
  14  0:17  Supply Depot  
  14  0:25  SCV  
  15  0:38  SCV  
  15  0:39  Barracks  
  16  0:44  Refinery  
  16  0:50  SCV  
  17  1:03  SCV  
  18  1:15  SCV  
  19  1:27  Reaper  
  20  1:38  Command Center  
  20  1:45  Orbital Command  
  20  1:59  Reaper  
  21  2:02  Supply Depot  
  21  2:10  SCV  
  22  2:15  Refinery  
  22  2:23  Factory  
  22  2:27  SCV  
  22  2:58  SCV  
  22  3:01  Marine  
  22  3:02  Orbital Command  
  24  3:09  Factory Tech Lab  
  24  3:10  Bunker, SCV  
  24  3:11  Starport  
  25  3:19  Marine  
  26  3:22  Refinery  
  26  3:30  SCV  
  26  3:32  SCV  
  26  3:33  Cyclone  
  31  3:41  Refinery  
  31  3:42  SCV  
  31  3:44  SCV  
  33  3:54  SCV  
  33  3:55  Starport Tech Lab  
  34  3:56  SCV  
  34  4:06  Marine, SCV  
  34  4:09  Cyclone  
  39  4:10  SCV  
  40  4:18  SCV  
  40  4:22  SCV  
  42  4:26  Supply Depot  
  42  4:27  Supply Depot  
  42  4:29  Barracks  
  42  4:30  SCV  
  43  4:34  SCV, Raven  
  46  4:43  Supply Depot  
  46  4:48  Cyclone, SCV x2  
  51  4:52  Barracks  
  51  5:00  SCV x2  
  51  5:03  Barracks Tech Lab  
  51  5:04  Barracks  
  53  5:12  SCV x2  
  55  5:15  Supply Depot x2  
  55  5:17  Barracks Reactor  
  55  5:24  SCV x2  
  55  5:25  Viking  
  59  5:41  Barracks Reactor  
  59  5:48  Barracks, Engineering Bay  
  59  5:50  Engineering Bay  
  59  6:04  SCV x2  
  61  6:13  Barracks Reactor  
  61  6:15  Stimpack  
  61  6:16  Medivac x2  
  65  6:18  Terran Infantry Weapons Level 1  
  65  6:19  Terran Infantry Armor Level 1  
  65  6:22  Marine x2  
  65  6:23  Marine, Combat Shield  
  68  6:27  Marauder  
  70  6:40  SCV x2  
  70  6:41  Marauder  
  70  6:42  Marine x2  
  70  6:45  Barracks Reactor  
  76  6:50  Armory  
  76  6:51  Medivac x2  
  76  6:52  SCV x2  
  82  6:56  Siege Tank  
  85  7:11  Marine  
  86  7:17  Marine x5  
  86  7:21  Medivac x2  
  95  7:29  Marine  
  96  7:32  Missile Turret  
  96  7:34  Missile Turret  
  96  7:35  Marine x3  
  96  7:36  Marauder  
  101  7:51  Supply Depot  
  101  7:54  Supply Depot  
  101  7:55  Supply Depot  
  101  7:56  Supply Depot x2  
  101  8:04  Marine  
  102  8:13  Marine, Siege Tank, Marauder x2  
  102  8:15  Marine  
  110  8:35  Marauder  
  102  8:47  Marine x4, Marauder  
  93  8:56  Marauder  
  95  9:04  Marine  
  95  9:05  Marine x3  
  95  9:06  Marine x2  
  95  9:08  Marine  
  101  9:17  Marauder  
  101  9:22  Marine x2  
  101  9:23  Marine x2  
  107  9:24  Marine x2  
Show
View Real Time Build Order
Export as new Build Order

Mez Terran - Winner!

Build Orders:  

Get SALT Encoding   

  12  0:00  SCV  
  13  0:12  SCV  
  14  0:18  Supply Depot  
  14  0:25  SCV  
  15  0:28  Refinery  
  15  0:40  SCV  
  16  0:45  Barracks  
  16  0:52  SCV  
  17  1:04  SCV  
  18  1:16  SCV  
  20  1:33  Reaper  
  20  1:34  Orbital Command  
  20  1:56  Command Center  
  20  2:00  Factory  
  20  2:02  SCV  
  20  2:06  Reaper  
  21  2:15  SCV, Supply Depot  
  22  2:22  Refinery  
  22  2:27  SCV  
  23  2:39  SCV  
  24  2:51  SCV, Hellion, Reaper  
  26  3:06  Command Center  
  26  3:09  SCV  
  27  3:13  Factory Tech Lab  
  27  3:18  Supply Depot  
  27  3:21  SCV  
  27  3:33  SCV  
  28  3:36  Cyclone  
  28  3:38  Starport  
  31  3:42  Barracks Reactor  
  31  3:54  SCV  
  33  4:04  Orbital Command  
  33  4:07  SCV  
  33  4:11  Siege Tank  
  33  4:15  Starport Tech Lab  
  33  4:24  Orbital Command  
  33  4:25  SCV  
  33  4:28  Marine x2  
  36  4:31  SCV  
  36  4:34  Raven  
  36  4:37  SCV  
  40  4:44  SCV  
  41  4:49  Marine, SCV  
  41  4:50  Marine  
  44  4:55  Siege Tank  
  44  4:56  SCV  
  44  4:59  Supply Depot  
  48  5:00  SCV  
  48  5:01  SCV  
  50  5:08  SCV  
  50  5:12  SCV  
  50  5:13  SCV  
  53  5:17  Refinery  
  53  5:18  Refinery  
  53  5:23  Marine, SCV, Stimpack  
  53  5:24  Barracks  
  53  5:26  Starport Reactor  
  53  5:27  Barracks  
  55  5:28  Supply Depot  
  55  5:32  SCV  
  56  5:41  Marine  
  54  5:47  Barracks  
  54  5:49  Engineering Bay x2  
  54  5:51  Barracks  
  54  5:54  SCV x3  
  57  5:59  Siege Tank, Marauder  
  62  6:06  SCV x3  
  65  6:13  Marine x2, Starport Reactor  
  65  6:18  Terran Infantry Armor Level 1, Terran Infantry Weapons Level 1  
  67  6:22  Marine  
  67  6:23  Marine x2  
  70  6:29  SCV x2  
  70  6:31  Supply Depot  
  70  6:32  Supply Depot, Orbital Command  
  72  6:34  Siege Tank  
  75  6:42  Marine, Barracks Reactor  
  76  6:49  Marine x3, Barracks Reactor  
  76  6:50  Marine  
  76  6:52  Medivac x2  
  76  6:53  SCV  
  76  6:54  SCV  
  86  6:58  SCV  
  86  6:59  Marine  
  88  7:05  SCV  
  88  7:06  SCV  
  88  7:07  Marine  
  91  7:11  SCV  
  92  7:19  Marine x5  
  92  7:20  Marine  
  98  7:24  Marine, SCV x2  
  98  7:25  Armory  
  101  7:33  Supply Depot  
  101  7:35  Supply Depot  
  101  7:36  Marine x3, Medivac x2  
  107  7:37  Marine  
  109  7:44  Refinery  
  109  7:46  Refinery  
  109  7:48  Marine x5, SCV x3  
  117  7:54  Marine, Siege Tank  
  117  7:58  Command Center  
  121  7:59  Supply Depot  
  121  8:00  SCV  
  121  8:04  Supply Depot, Combat Shield  
  121  8:05  Supply Depot  
  122  8:18  Marine x8  
  133  8:20  Marine  
  131  8:36  Marine x2  
  131  8:41  Marine x7  
  120  8:42  Siege Tank  
  126  8:51  Starport  
  126  8:53  Marine  
  126  8:54  Marine, Starport  
  128  8:57  Supply Depot  
  128  8:58  SCV x3, Supply Depot  
  128  8:59  Supply Depot  
  131  9:07  Marine  
  131  9:08  Marine x6  
  138  9:20  Marine  
  138  9:21  Marine  
  138  9:24  SCV x3  
  146  9:30  Supply Depot  
  146  9:32  Supply Depot  
  146  9:36  SCV  
Tags
 
Matchup
TvT
Race
Terran
Replay Pack
Spawningtool_Mez
Spawn Locations
Cross Positions
Add a new tag
Caveats
  • Supply blocks, unpowered buildings, or Contaminate may cause inaccurate times.
  • Supply counts are checked every 10 seconds.